 Dungeon Crawl Stone Soup version 0.25-a0-701-gb30f108f01 (webtiles) character file.

Game seed: 17185475033695719940, levelgen mode: deterministic

2 Amnesiac the Magician (level 1, -2/10 HPs)
             Began as a Deep Elf Wizard on Apr 4, 2020.
             Slain by an adder (4 damage)
             ... on level 2 of the Dungeon.
             The game lasted 00:00:09 (27 turns).

Amnesiac the Magician (Deep Elf Wizard)               Turns: 27, Time: 00:00:09

Health: -2/10      AC:  2    Str:  4    XL:     1   Next: 25%
Magic:  4/8        EV: 13    Int: 22    God:
Gold:   0          SH:  0    Dex: 13    Spells: 8/9 levels left

rFire    . . .     SeeInvis .   (no weapon)
rCold    . . .     Gourm    .   (no shield)
rNeg     . . .     Faith    .   a - +0 robe
rPois    .         Spirit   .   b - +0 hat
rElec    .         Reflect  .   (no cloak)
rCorr    .         Harm     .   (no gloves)
MR       .....                  (no boots)
Stlth    ++........             (no amulet)
HPRegen  0.03/turn              (no ring)
MPRegen  0.11/turn              (no ring)

@: lethally poisoned (-2 -> -10)
A: no striking features
a: no special abilities


You were on level 2 of the Dungeon.
You were not hungry.

You visited 1 branch of the dungeon, and saw 2 of its levels.

Inventory:

Armour
 a - a +0 robe (worn)
 b - a +0 hat (worn)
Scrolls
 c - a scroll of teleportation {!r, unknown}
Comestibles
 d - a ration


   Skills:
 - Level 2.4 Dodging
 - Level 2.4 Stealth
 + Level 4.6 Spellcasting
 - Level 1.1 Conjurations
   Level 1.1 Summonings
   Level 1.1 Translocations


You had 8 spell levels left.
You knew the following spells:

 Your Spells              Type           Power        Failure   Level  Hunger
a - Magic Dart            Conj           #...         7%          1    None

Your spell library contained the following spells:

 Spells                   Type           Power        Failure   Level  Hunger
 Blink                    Tloc           N/A          10%         2    None
 Call Imp                 Summ           #.......     10%         2    None
 Slow                     Hex            #.......     16%         2    None
 Conjure Flame            Conj/Fire      #.......     26%         3    ##.....
 Mephitic Cloud           Conj/Pois/Air  #.......     26%         3    ##.....


Dungeon Overview and Level Annotations

Branches:
Dungeon (2/15)

Altars:


Message History

Press: ? - help, Shift-Dir - straight line, f/p - hobgoblin
Aim: a hobgoblin (severely wounded)
The magic dart hits the hobgoblin.
You kill the hobgoblin!
Casting: Magic Dart (safe; 7% risk of failure)
Confirm with . or Enter, or press ? or * to list all spells.
Aiming: Magic Dart (safe; 7% risk of failure)
Press: ? - help, Shift-Dir - straight line, f - frilled lizard
Aim: a frilled lizard The magic dart hits the frilled lizard.
You kill the frilled lizard!
A leopard gecko comes into view.
A dart slug comes into view.
Casting: Magic Dart (safe; 7% risk of failure)
Confirm with . or Enter, or press ? or * to list all spells.
Aiming: Magic Dart (safe; 7% risk of failure)
Press: ? - help, Shift-Dir - straight line, f - dart slug
Aim: a dart slug (hasn't noticed you)
The magic dart hits the dart slug.
The dart slug is moderately wounded.
The leopard gecko hisses angrily.
A kobold comes into view. It is wielding a +0 club.
A frilled lizard comes into view.
Casting: Magic Dart (safe; 7% risk of failure)
Confirm with . or Enter, or press ? or * to list all spells.
Aiming: Magic Dart (safe; 7% risk of failure)
Press: ? - help, Shift-Dir - straight line, f/p - dart slug
Aim: a dart slug (moderately wounded)
The magic dart hits the dart slug but does no damage.
The dart slug is moderately wounded.
The frilled lizard hisses angrily.
The kobold shouts!
The leopard gecko barely misses you.
There is an escape hatch in the floor here.
The leopard gecko bites you but does no damage.
The leopard gecko bites you.
You slide downwards.
The hatch slams shut behind you.
A bat, an adder, a goblin and a hobgoblin come into view.
The hobgoblin shouts!
The adder hisses angrily.
Found a ration, a helmet and a scroll labeled SUTSETTEIM.
The bat hits you but does no damage. The bat misses you.
The bat barely misses you.
Found a stone staircase leading down.
The bat closely misses you.
A ball python comes into view.
The bat closely misses you. The leopard gecko barely misses you.
You see here a scroll labeled SUTSETTEIM {!r}.
c - a scroll labeled SUTSETTEIM {!r} The bat closely misses you.
The leopard gecko hisses menacingly.
The leopard gecko barely misses you.
Found 3 gold pieces.
A rat comes into view.
Found a scroll labeled LEGOYDYE YFUU.
The adder bites you.
Ouch! That really hurt!
* * * LOW HITPOINT WARNING * * *
You are lethally poisoned!
The adder poisons you!
There is a stone staircase leading down here.
* * * LOW HITPOINT WARNING * * *
You feel sick. The bat hits you.
* * * LOW HITPOINT WARNING * * *
The bat hits you but does no damage. The adder bites you.
You die...

#####.#.# ......#.#.#
......#.#.#
.....r?...#
.....$..#.#
........#.#
...S....#.#
.....#@#.#
#..bSl#############
#....gg...........#
#...................#
#...................#
#...................#
#...................#
#...................#
#........[..%.......#


You could see an adder, a leopard gecko, a hobgoblin, a goblin, a bat, a ball
python (sleeping) and a rat.

Vanquished Creatures
  A hobgoblin (D:1)
  A frilled lizard (D:1)
2 creatures vanquished.

Notes
Turn   | Place    | Note
-------+----------+-------------------------------------------
     0 | D:1      | Amnesiac the Deep Elf Wizard began the quest for the Orb.
     0 | D:1      | Reached XP level 1. HP: 10/10 MP: 7/7
    27 | D:2      | Slain by an adder

Levels and vault maps discovered:
D:1:      wander_arrival_desolate, layout_loops_ring,
          chequers_serial_rivers_large_b
D:2:      layout_basic

Action                   || total
-------------------------++-------
 Cast: Magic Dart        ||     5
Armor: Robe              ||     3
Dodge: Dodged            ||     8

Table legend:
 A = Non-vault XP
 B = Vault XP
 C = Vault XP percentage of total XP
 D = Non-vault monster count
 E = Vault monster count
 F = Vault count percentage of total count
                 A         B        C        D         E       F
            +---------+---------+-------+---------+---------+-------
      Total |       3 |       0 |   0.0 |       2 |       0 |   0.0
            +---------+---------+-------+---------+---------+-------
        D:1 |       3 |       0 |   0.0 |       2 |       0 |   0.0
            +---------+---------+-------+---------+---------+-------
